 Dungeon Crawl Stone Soup version 0.26.0-10-g1f06aea511 (webtiles) character file.

Game seed: 11033003203777137342

961 Borgoz the Slasher (level 8, -3/67 HPs)
             Began as a Ghoul Gladiator on Jan 30, 2021.
             Was an Initiate of Ashenzari.
             Slain by a centaur (9 damage)
             ... on level 6 of the Dungeon.
             The game lasted 00:11:48 (6075 turns).

Borgoz the Slasher (Ghoul Gladiator)                Turns: 6075, Time: 00:11:48

Health: -3/67      AC:  6    Str: 18    XL:     8   Next: 15%
Magic:  7/7        EV: 13    Int:  3    God:    Ashenzari [......]
Gold:   424        SH:  0    Dex: 12    Spells: 7/7 levels left

rFire    . . .     SeeInvis .   a - +0 long sword
rCold    + . .     Faith    .   (no shield)
rNeg     + + +     Spirit   .   b - +0 leather armour
rPois    ∞         Reflect  .   c - +0 helmet
rElec    .         Harm     .   k - +0 cloak
rCorr    .         Rampage  .   (no gloves)
Will     .....                  (no boots)
Stlth    +.........             q - amulet of regeneration
HPRegen  0.00/turn              (no ring)
MPRegen  0.10/turn              (no ring)

@: no status effects
A: claws 1, cold resistance 1, negative energy resistance 3, inhibited
regeneration, torment resistance, unbreathing
a: Renounce Religion, Curse Item


You were on level 6 of the Dungeon.
You worshipped Ashenzari.
Ashenzari was noncommittal.
You visited 2 branches of the dungeon, and saw 7 of its levels.

You collected 424 gold pieces.

Inventory:

Hand Weapons
 a - a +0 long sword (weapon)
 r - the +5 scythe "Hesyriso" {vorpal, +Fly}
   (You found it on level 5 of the Dungeon)

   It inflicts extra damage upon your enemies.
   It lets you fly.
Armour
 b - a +0 leather armour (worn)
 c - a +0 helmet (worn)
 k - a +0 cloak (worn)
Jewellery
 e - an uncursed ring of ice
 q - an amulet of regeneration (around neck)
 u - an uncursed amulet of magic regeneration
 x - an uncursed ring of ice
Scrolls
 f - a scroll of magic mapping
 g - a scroll of blinking {unknown}
 j - 3 scrolls of remove curse
 l - 2 scrolls of random uselessness {unknown}
 m - 3 scrolls of teleportation
 n - 2 scrolls of enchant armour {unknown}
 o - a scroll of amnesia {unknown}
 p - 2 scrolls of enchant weapon {unknown}
 w - a scroll of identify
 y - a scroll of noise {unknown}
 A - a scroll of fear {unknown}
Potions
 h - 2 potions of brilliance
 i - 2 potions of magic
 s - a potion of resistance
 t - a potion of flight {unknown}
 v - a potion of heal wounds
 z - a potion of haste {unknown}


   Skills:
 + Level 4.5 Fighting
 * Level 5.4 Long Blades
 - Level 1.7 Throwing
 * Level 4.6 Armour
 + Level 4.2 Dodging


You had 7 spell levels left.
You didn't know any spells.
Your spell library contained the following spells:

 Spells                   Type           Power        Failure   Level
 Summon Small Mammal      Summ           0%           58%         1
 Call Imp                 Summ           0%           73%         2
 Call Canine Familiar     Summ           0%           91%         3
 Summon Guardian Golem    Hex/Summ       0%           91%         3
 Summon Ice Beast         Ice/Summ       0%           100%        4
 Summon Lightning Spire   Summ/Air       0%           100%        4


Dungeon Overview and Level Annotations

Branches:
Dungeon (6/15)             Temple (1/1) D:6

Altars:
Ashenzari
Cheibriados
Dithmenos
Elyvilon
Fedhas
Gozag
Hepliaklqana
Kikubaaqudgha
Makhleb
Okawaru
Ru
Sif Muna
Trog
Uskayaw
Xom
Yredelemnul
Zin
The Shining One
Lugonu


Innate Abilities, Weirdness & Mutations

You thrive by killing the living.
You are immune to poison.
You have sharp fingernails.
Your flesh is cold resistant. (rC+)
You are immune to negative energy. (rN+++)
You do not regenerate when monsters are visible.
You are immune to unholy pain and torment.
You can survive without breathing.


Message History

The centaur is moderately wounded.
The centaur hits you.
* * * LOW HITPOINT WARNING * * *
Throw: throwing net
Press: ? - help, Q - select action Shift-Dir - straight line, f - centaur
Aim: a centaur, quivering 7 arrows (moderately wounded, strong)
You throw a throwing net. The throwing net hits the centaur.
The centaur is caught in the net!
The centaur is moderately wounded.
The centaur struggles against the net. x2
You hit the centaur but do no damage.
The centaur is moderately wounded.
The centaur struggles against the net.
The net rips apart, and the centaur comes free!
The centaur hits you!
* * * LOW HITPOINT WARNING * * *
You hit the centaur.
The centaur is heavily wounded.
The centaur hits you!
You die...

..##+####....#############+####..
...#..###....###.##.#..........##
...#................#...(......#
...#................#..........#
...###############..#.....†....#
.................##'#..........#
.................#..#..........#
.................c..#..........#
..........(...((@#..#..........#
..........(......####....####'##
.......########..........#.....#
.......# #..........#.....#
.......# #..........#....##
...[...# #........<.#....#
....#### #......########## ....#
#......+ ....# +......#


You could see a centaur (strong).

Vanquished Creatures
  Sigmund (D:4)
  An ogre (D:5)
  An ice beast (D:5)
  A vampire bat (D:3)
  A howler monkey (D:5)
  A hound (D:5)
  An orc priest (D:6)
  A gnoll shaman (D:5)
  Natasha (thrice) (D:2)
  An orc wizard (D:4)
  2 hound skeletons
  A worker ant zombie (D:6)
  8 gnolls
  3 adders
  A shadow imp (D:6)
  2 white imps (D:5)
  2 ufetubi (D:5)
  2 oozes
  An adder zombie (D:5)
  A worm (D:2)
  2 dart slugs (D:1)
  3 fire bats (D:3)
  6 leopard geckos
  8 orcs
  2 spectral bats (D:3)
  A ball python (D:2)
  16 bats
  3 bat skeletons (D:3)
  A bat zombie (D:3)
  7 giant cockroaches
  2 goblins (D:2)
  13 hobgoblins
  4 jackals (D:2)
  3 quokkas
  A bat simulacrum (D:3)
  9 frilled lizards
  10 kobolds
  2 leopard gecko skeletons
  4 rats
132 creatures vanquished.

Notes
Turn   | Place    | Note
-------+----------+-------------------------------------------
     0 | D:1      | Borgoz the Ghoul Gladiator began the quest for the Orb.
     0 | D:1      | Reached XP level 1. HP: 17/17 MP: 0/0
    75 | D:1      | Reached XP level 2. HP: 22/24 MP: 1/1
   446 | D:1      | Reached skill level 3 in Long Blades
   494 | D:1      | Reached skill level 1 in Armour
   621 | D:1      | Reached XP level 3. HP: 21/30 MP: 2/2
  1276 | D:2      | Lost intelligence.
  1332 | D:2      | Noticed Natasha
  1347 | D:2      | Killed Natasha
  1348 | D:2      | Reached XP level 4. HP: 9/37 MP: 3/3
  1823 | D:2      | Found a burning altar of Makhleb.
  2103 | D:2      | Noticed Natasha
  2125 | D:2      | Killed Natasha
  2126 | D:2      | Reached XP level 5. HP: 21/45 MP: 4/4
  2409 | D:2      | Noticed Natasha
  2418 | D:2      | Killed Natasha
  3011 | D:3      | Reached skill level 4 in Long Blades
  3011 | D:3      | Reached XP level 6. HP: 51/51 MP: 5/5
  3453 | D:4      | Found a shimmering blue altar of Sif Muna.
  3458 | D:4      | Found an opulent altar of Gozag.
  3458 | D:4      | Found a shadowy altar of Dithmenos.
  3469 | D:4      | Noticed Sigmund
  3472 | D:4      | Found a bloodstained altar of Trog.
  3482 | D:4      | Killed Sigmund
  3483 | D:4      | Reached XP level 7. HP: 46/58 MP: 6/6
  3994 | D:4      | Found a shimmering altar of Xom.
  4263 | D:5      | Entered Level 5 of the Dungeon
  4326 | D:2      | Found a broken altar of Ashenzari.
  4326 | D:2      | Found a blossoming altar of Fedhas.
  4326 | D:2      | Found a hide-covered altar of Uskayaw.
  4334 | D:2      | Became a worshipper of Ashenzari the Shackled
  4585 | D:4      | HP: 1/58 [gnoll/+0 spear (8)]
  4742 | D:5      | Got the scythe "Hesyriso" {vorpal, +Fly}
  5029 | D:5      | Reached skill level 5 in Long Blades
  5502 | D:5      | Reached XP level 8. HP: 62/67 MP: 7/7
  5675 | D:6      | Found a staircase to the Ecumenical Temple.
  5681 | Temple   | Entered the Ecumenical Temple
  6075 | D:6      | Slain by a centaur

Illustrated notes

Levels and vault maps discovered:
D:1:      lemuel_arrival_muddy, layout_basic
D:2:      layout_basic, nicolae_overflow_hidden_temple, uniq_natasha
D:3:      layout_loops_ring, goddamned_bats
D:4:      layout_gridville, old_standard_altar, grunt_temple_overflow_open,
          serial_rivers, chequers_serial_rivers_small_a,
          chequers_serial_rivers_micro_c, chequers_serial_rivers_small_3,
          chequers_serial_rivers_small_b, brannock_xom_greatest_gift,
          uniq_sigmund
D:5:      layout_loops_cross
D:6:      layout_gridville, minmay_temple_entry_hall
Temple:   corrupted_temple

Skill      XL: |  1  2  3  4  5  6  7 |
---------------+----------------------+-----
Long Blades    | 3 4 5 |  5.4
Armour         | 1 2 3 4 |  4.6
Dodging        | 3 4 |  4.2
Fighting       | 3 4 |  4.5
Throwing       | |  1.7

Action                   |  1- 3 |  4- 6 |  7- 9 || total
-------------------------+-------+-------+-------++-------
Melee: Long sword        |    79 |   160 |   178 ||   417
Throw: Throwing net      |     1 |     3 |     4 ||     8
  Use: Scroll            |     2 |     5 |     1 ||     8
       Potion            |     1 |       |     1 ||     2
 Stab: Held in net/web   |       |     2 |     1 ||     3
Armor: Leather armour    |    45 |    93 |    60 ||   198
Dodge: Dodged            |   112 |   202 |   143 ||   457
       Rpst.: Long sword |    31 |    70 |    37 ||   138
